AoeStats
← Cavaliers_King

Arabia

506950118Analyzed
1v1 RM · 18d ago on Sep 15, 2026· 26m 30s· 2 players
Game mode
Random Map
Map size
Tiny (2 player)
Population
200
Speed
Normal
Resources
Standard
Victory
Conquest
Starting age
Dark Age
Ending age
Imperial Age
RankedLock teamsTeams togetherTeam positionsShared explorationLock speedFull tech treeHidden civsTurbo modeCheats
Victory
Defeat
🇦🇷 Malay · Argentina
1560
+17
🇦🇷 Teutons · Argentina
1584
-17
Hipopocrates
7:29 Loom
9:45 Feudal Age
10:08 Double-Bit Axe
13:46 Horse Collar
15:12 Wheelbarrow
21:19 Castle Age
20:22 Fletching
20:20 Crossbowman
21:04 Gold Mining
21:27 Bodkin Arrow
25:51 Bow Saw
26:56 Gold Mining
Cavaliers_King
6:08 Loom
9:13 Feudal Age
9:40 Double-Bit Axe
10:17 Horse Collar
18:45 Wheelbarrow
21:48 Castle Age
20:47 Gold Mining
21:17 Bloodlines
21:34 Scale Barding Armor
23:41 Forging
Connection lost

Rejoining the realm…

Still unreachable

The connection could not be restored.

Session expired

The server has moved on; the page needs a fresh start.